[Event "Titled Tuesday Blitz April 19 Early 2022"]
[White "Belozerov, Andrei"]
[Black "Tristan, Leonardo"]
[WhiteFideId "4120213"]
[BlackFideId "113816"]
[WhiteElo "2320"]
[BlackElo "2404"]
[Result "0-1"]
[Round "02"]
[TimeControl "180+1"]
[Date "2022.04.19"]
[WhiteClock "0:00:13"]
[BlackClock "0:00:09"]

1. e4 d5 2. exd5 Qxd5 3. Nc3 Qa5 4. d4 Nf6 5. Nf3 Bf5 6. Bd3 Nc6 7. O-O e6 8. Bf4 Bxd3 9. Qxd3 Bd6 10. Ne5 Bxe5 11. dxe5 Nd7 12. Qg3 O-O-O 13. Rad1 Rhg8 14. Rfe1 h6 15. Qe3 Nb6 16. Qe4 Qb4 17. h4 Qxe4 18. Nxe4 Rxd1 19. Rxd1 Nc4 20. Nc5 N4xe5 21. b4 b6 22. Na6 g5 23. hxg5 hxg5 24. Bg3 f5 25. b5 f4 26. bxc6 fxg3 27. Nb4 gxf2+ 28. Kxf2 Rd8 29. Rxd8+ Kxd8 30. Ke3 Ke7 31. Ke4 Kd6 32. a4 Nxc6 33. Nd3 a5 34. Nb2 Nb4 35. Nc4+ Kc5 36. Ne3 Nd5 37. Ng4 Nc3+ 38. Ke5 Nxa4 39. Kxe6 Nb2 40. Nf6 a4 41. Ne4+ Kd4 42. Nxg5 a3 43. Nf3+ Kc3 44. g4 a2 45. g5 a1=Q 46. g6 Qa2+ 47. Kf6 Kxc2 48. g7 Qd5 49. Ne5 Nc4 50. Ng6 Nd6 51. Ne7 Qf7+ 52. Ke5 Qxe7+ 0-1


[Site "https://www.chess.com"]

[Event "Titled Tuesday Blitz April 19 Early 2022"]
[White "Biletskiy, Danylo"]
[Black "Sjugirov, Sanan"]
[WhiteFideId "14155419"]
[BlackFideId "4189302"]
[WhiteElo "2087"]
[BlackElo "2602"]
[Result "0-1"]
[Round "02"]
[TimeControl "180+1"]
[Date "2022.04.19"]
[WhiteClock "0:01:41"]
[BlackClock "0:01:26"]

1. e4 c6 2. d4 d5 3. f3 e6 4. Nc3 Bb4 5. Bd2 Ne7 6. Bd3 b6 7. Nge2 O-O 8. O-O Ba6 9. Bxa6 Nxa6 10. a3 Bxc3 11. Bxc3 Nc7 12. a4 Re8 13. Qd2 Ng6 14. Bb4 e5 15. dxe5 Nxe5 16. exd5 Nxd5 17. Bc3 Nc4 18. Qd4 Nxc3 19. Qxc3 Ne3 20. Rf2 Nd1 21. Qxc6 Nxf2 22. Kxf2 Rc8 0-1


[Site "https://www.chess.com"]

[Event "Titled Tuesday Blitz April 19 Early 2022"]
[White "Bluebaum, Matthias"]
[Black "Jakubowski, Krzysztof"]
[WhiteFideId "24651516"]
[BlackFideId "1112848"]
[WhiteElo "2550"]
[BlackElo "2365"]
[Result "1-0"]
[Round "02"]
[TimeControl "180+1"]
[Date "2022.04.19"]
[WhiteClock "0:01:18"]
[BlackClock "0:00:12"]

1. d4 Nf6 2. c4 e6 3. Nc3 Bb4 4. e3 O-O 5. Bd2 b6 6. Bd3 Bb7 7. Nf3 Re8 8. Qc2 d5 9. cxd5 exd5 10. Ng5 h6 11. Nf3 Nbd7 12. a3 Bf8 13. g4 Ne4 14. h4 c5 15. g5 h5 16. g6 fxg6 17. Nxe4 dxe4 18. Bc4+ Kh8 19. Ng5 Qf6 20. Bc3 Qf5 21. O-O-O cxd4 22. Rxd4 Ne5 23. Kb1 Rac8 24. Bb3 Ba6 25. Ka1 Bd3 26. Qd2 Be7 27. Rd5 Bxg5 28. hxg5 Qxg5 29. f4 exf3 30. Qxd3 Nxd3 31. Rxg5 Rc6 32. Rgxh5+ gxh5 33. Rxh5+ Rh6 34. Rxh6# 1-0


[Site "https://www.chess.com"]

[Event "Titled Tuesday Blitz April 19 Early 2022"]
[White "Brodowski, Piotr"]
[Black "Vokhidov, Shamsiddin"]
[WhiteFideId "1124480"]
[BlackFideId "14204223"]
[WhiteElo "2422"]
[BlackElo "2611"]
[Result "0-1"]
[Round "02"]
[TimeControl "180+1"]
[Date "2022.04.19"]
[WhiteClock "0:00:08"]
[BlackClock "0:00:12"]

1. c4 e5 2. Nc3 Nf6 3. Nf3 Nc6 4. e4 Bb4 5. d3 d6 6. a3 Bc5 7. b4 Bb6 8. Na4 Bg4 9. Be2 Bxf3 10. Bxf3 Bd4 11. Rb1 a6 12. O-O O-O 13. Bd2 Ba7 14. g3 Nd4 15. Bg2 c6 16. Kh1 b5 17. Nc3 Nd7 18. Ne2 Qe7 19. Be3 Nxe2 20. Qxe2 Bxe3 21. Qxe3 a5 22. cxb5 cxb5 23. Rfc1 axb4 24. axb4 Nf6 25. Bh3 Rfd8 26. Rc6 d5 27. exd5 Nxd5 28. Qc5 Qe8 29. Bg2 Qd7 30. Re1 f6 31. Qxb5 Rab8 32. Qc4 Kh8 33. b5 h6 34. Rb1 Nb6 35. Qc2 Qxd3 36. Qxd3 Rxd3 37. Be4 Rd4 38. Bg6 Kg8 39. Ra1 Kf8 40. Ra7 Rd7 41. Rxd7 Nxd7 42. Rc7 Nb6 43. Kg2 Nd5 44. Rf7+ Kg8 45. Rd7 Nc3 46. b6 Na4 47. Rc7 Nxb6 48. Be4 Kf8 49. h4 Rd8 50. h5 Rd7 51. Rc6 Nd5 52. Rc8+ Ke7 53. Rg8 Kd6 54. Rb8 Ne7 55. Bb1 Nc6 56. Rg8 Nd4 57. Ba2 Ra7 58. Bc4 Kc5 59. Bd3 Kd5 60. Bg6 Ke6 61. Re8+ Kd6 62. Rb8 f5 63. Rd8+ Ke6 64. Re8+ Kf6 65. Rf8+ Kg5 66. Re8 e4 67. Rf8 Ra2 68. Kg1 Ra1+ 69. Kg2 Ra2 70. Kg1 Rd2 71. Kf1 Rd3 72. Kg1 Rd1+ 73. Kg2 Rd2 74. Kf1 Rb2 75. Kg1 Rb3 76. Kg2 Rf3 77. Kg1 e3 78. fxe3 Rxg3+ 79. Kf2 Rf3+ 80. Kg2 Rxe3 81. Rf7 Re2+ 82. Kf1 Rh2 83. Rxg7 Kf4 84. Be8 Kf3 85. Ke1 Re2+ 86. Kf1 Rxe8 87. Rg6 f4 88. Rxh6 Rb8 89. Kg1 Ke2 90. Rd6 f3 91. Rxd4 f2+ 92. Kh2 f1=Q 0-1


[Site "https://www.chess.com"]

[Event "Titled Tuesday Blitz April 19 Early 2022"]
[White "Buscar, Michael"]
[Black "Krishna, C R G"]
[WhiteFideId "2603616"]
[BlackFideId "5018625"]
[WhiteElo "2010"]
[BlackElo "2332"]
[Result "0-1"]
[Round "02"]
[TimeControl "180+1"]
[Date "2022.04.19"]
[WhiteClock "0:00:44"]
[BlackClock "0:01:14"]

1. Nf3 Nf6 2. g3 d6 3. Bg2 e6 4. c4 e5 5. d3 Nbd7 6. Nc3 Be7 7. O-O O-O 8. b4 c6 9. b5 d5 10. bxc6 bxc6 11. Ne1 Bb7 12. cxd5 cxd5 13. Rb1 Rb8 14. Qa4 Nc5 15. Qxa7 Ra8 16. Qb6 Qc8 17. Bd2 Ra6 18. Qb2 Qa8 19. Nc2 Ra7 20. a3 d4 21. Nb5 Bxg2 22. Nxa7 Bxf1 23. Rxf1 Qxa7 24. Bb4 Na4 25. Qb3 Bxb4 26. axb4 Nc3 27. Ra1 Qb7 28. e4 h5 29. Ra5 Re8 30. Kg2 h4 31. Qa3 hxg3 32. hxg3 Nfxe4 33. Ra7 Qd5 34. Ra5 Nc5+ 35. Kg1 Qf3 36. Rxc5 Ne2+ 37. Kf1 Nxg3+ 38. Kg1 Ne2+ 39. Kf1 Nf4 40. Qa4 Qh1# 0-1


[Site "https://www.chess.com"]

[Event "Titled Tuesday Blitz April 19 Early 2022"]
[White "Cagara, Paulina"]
[Black "Shohat, Yotam"]
[WhiteFideId "1124870"]
[BlackFideId "2813955"]
[WhiteElo "1780"]
[BlackElo "2119"]
[Result "0-1"]
[Round "02"]
[TimeControl "180+1"]
[Date "2022.04.19"]
[WhiteClock "0:01:08"]
[BlackClock "0:00:21"]

1. e4 c5 2. Nc3 g6 3. g3 Nc6 4. Bg2 Bg7 5. Nge2 Rb8 6. O-O b5 7. Qe1 b4 8. Nd1 e6 9. d3 Nge7 10. Be3 d6 11. f4 O-O 12. Rb1 a5 13. h3 Ba6 14. b3 Rc8 15. g4 f5 16. gxf5 exf5 17. Ng3 Nd4 18. Qd2 Bb7 19. c3 Ne6 20. exf5 Bxg2 21. Qxg2 Nxf5 22. Nxf5 Rxf5 23. d4 bxc3 24. dxc5 d5 25. Nf2 d4 26. Rbd1 c2 27. Rd3 Nxc5 28. Rd2 Ne6 29. Ng4 c1=Q 30. Rxc1 Rxc1+ 31. Kh2 Qb8 32. Rxd4 Bxd4 33. Bxc1 Nxf4 34. Qe4 Ne2+ 0-1


[Site "https://www.chess.com"]

[Event "Titled Tuesday Blitz April 19 Early 2022"]
[White "Chan, Kim Yew"]
[Black "Gu, Xiaobing"]
[WhiteFideId "5717981"]
[BlackFideId "8602611"]
[WhiteElo "2206"]
[BlackElo "2174"]
[Result "1/2-1/2"]
[Round "02"]
[TimeControl "180+1"]
[Date "2022.04.19"]
[WhiteClock "0:00:06"]
[BlackClock "0:00:11"]

1. e4 c5 2. Nc3 a6 3. g3 e6 4. Bg2 Nc6 5. Nge2 g6 6. d4 cxd4 7. Nxd4 Bg7 8. Be3 Nge7 9. O-O O-O 10. a4 b6 11. Qd2 Bb7 12. Rfd1 Ne5 13. Qe2 Rc8 14. Nb3 Nc4 15. Bc1 Qc7 16. Nd2 Nxb2 17. Bxb2 Bxc3 18. Rab1 Bg7 19. Bxg7 Kxg7 20. c4 Nc6 21. Qe3 a5 22. Qxb6 Nb4 23. Qd4+ Kg8 24. Rbc1 Qd8 25. e5 Bxg2 26. Kxg2 Qc7 27. Ne4 Rfd8 28. c5 Nc6 29. Nf6+ Kg7 30. Qh4 h5 31. Qg5 Qxe5 32. Nxh5+ Kh7 33. Nf6+ Kg7 34. Qxe5 Nxe5 35. Ne4 Rb8 36. Rb1 Rb4 37. Rxb4 axb4 38. Rb1 Rb8 39. a5 b3 40. a6 Nc4 41. a7 Ra8 42. Rxb3 Rxa7 43. Rb4 Ne5 44. Nd6 Kf6 45. Rb8 Rc7 46. Rb5 Nd3 47. Ne4+ Ke5 48. f3 Kd4 49. Rb6 Nxc5 50. Rd6+ Ke5 51. Rd1 Nxe4 52. Re1 f5 53. fxe4 fxe4 54. h4 Rc2+ 55. Kh3 Kd4 56. g4 e3 57. h5 Ke4 58. h6 Rc8 59. Kh4 Rh8 60. Kg5 Kd3 61. Kxg6 e2 62. g5 Kd2 63. Rh1 e1=Q 64. Rxe1 Kxe1 65. Kg7 Ra8 66. g6 d5 67. h7 d4 68. Kf6 d3 69. g7 d2 70. g8=Q Rxg8 71. hxg8=Q d1=Q 72. Qg1+ Kd2 73. Qd4+ Ke1 74. Qg1+ Ke2 75. Qg4+ Kd2 76. Qd4+ Ke2 77. Qg4+ Kd2 78. Qd4+ 1/2-1/2


[Site "https://www.chess.com"]

[Event "Titled Tuesday Blitz April 19 Early 2022"]
[White "Chen, Qi b"]
[Black "Paravyan, David"]
[WhiteFideId "8614733"]
[BlackFideId "4194985"]
[WhiteElo "2432"]
[BlackElo "2569"]
[Result "1/2-1/2"]
[Round "02"]
[TimeControl "180+1"]
[Date "2022.04.19"]
[WhiteClock "0:00:10"]
[BlackClock "0:00:44"]

1. e4 e5 2. Nf3 Nf6 3. Nxe5 d6 4. Nf3 Nxe4 5. d4 d5 6. Bd3 Bd6 7. O-O O-O 8. c4 c6 9. Nc3 Nxc3 10. bxc3 dxc4 11. Bxc4 Bg4 12. h3 Bh5 13. g4 Bg6 14. Ne5 b5 15. Bb3 Nd7 16. Nxg6 hxg6 17. Qf3 Rc8 18. a4 b4 19. cxb4 Bxb4 20. Be3 Nb6 21. Rac1 Nd5 22. Rc4 a5 23. Rfc1 Qd6 24. R4c2 Nxe3 25. fxe3 c5 26. Kg2 Rc7 27. dxc5 Rxc5 28. Rxc5 Bxc5 29. Qd5 Qxd5+ 30. Bxd5 Rc8 31. e4 Rc7 32. Rc4 Bd6 33. Rxc7 Bxc7 34. Kf3 1/2-1/2


[Site "https://www.chess.com"]

[Event "Titled Tuesday Blitz April 19 Early 2022"]
[White "Cunha, Lucas Aguiar"]
[Black "Tsyhanchuk, Stanislav"]
[WhiteFideId "2125404"]
[BlackFideId "13505130"]
[WhiteElo "2361"]
[BlackElo "2078"]
[Result "1-0"]
[Round "02"]
[TimeControl "180+1"]
[Date "2022.04.19"]
[WhiteClock "0:00:22"]
[BlackClock "0:00:05"]

1. e4 c5 2. Nf3 d6 3. d4 cxd4 4. Qxd4 Nc6 5. Bb5 Bd7 6. Bxc6 Bxc6 7. Bg5 Nf6 8. Nc3 e6 9. O-O-O Be7 10. Rhe1 O-O 11. Qd2 a6 12. Nd4 Bd7 13. f4 h6 14. h4 hxg5 15. hxg5 Ng4 16. Nf3 f5 17. e5 Qa5 18. exd6 Bd8 19. Kb1 b5 20. Rh1 Qb6 21. Rh5 Be8 22. Rh4 b4 23. Nd5 Qf2 24. Qd3 Bb5 25. Qb3 Rc8 26. Nc7 Qe3 27. Nxe6 Qxb3 28. axb3 Ne3 29. Rdh1 Kf7 30. Nxf8 Kxf8 31. Rh8+ Kf7 32. Ne5+ Ke6 33. Re1 Nxg2 34. d7 Nxf4 35. dxc8=Q+ Kd5 36. Rxd8+ 1-0


[Site "https://www.chess.com"]

[Event "Titled Tuesday Blitz April 19 Early 2022"]
[White "D`Arruda, Ricardo D."]
[Black "Terzi, Alexei"]
[WhiteFideId "100692"]
[BlackFideId "13505076"]
[WhiteElo "2336"]
[BlackElo "2031"]
[Result "0-1"]
[Round "02"]
[TimeControl "180+1"]
[Date "2022.04.19"]
[WhiteClock "0:01:21"]
[BlackClock "0:01:34"]

1. d4 Nf6 2. Nf3 c5 3. c3 g6 4. g3 cxd4 5. Bg2 dxc3 6. Nxc3 Bg7 7. e4 Nc6 8. O-O O-O 9. Re1 d6 10. Bg5 Be6 11. Qd2 Re8 12. Rad1 Qa5 13. a3 Rac8 14. Bxf6 Bxf6 15. Nd5 Bxd5 16. Qxa5 Nxa5 17. exd5 Bxb2 18. a4 Bf6 19. Bf1 Rc3 20. Nd2 Rec8 21. Ne4 Rc2 22. Nxf6+ exf6 23. Re7 Kf8 24. Rd7 R2c7 25. Rxc7 Rxc7 26. h4 h5 27. Bd3 f5 28. Re1 Nb3 29. Rb1 Nc5 30. Bc2 Nd7 31. Bb3 Ke7 32. Kf1 Kf6 33. Ke2 Ne5 34. f4 Nd7 35. Rb2 Rc3 36. Kf2 Nc5 37. Bc2 b6 38. Kg2 Ra3 39. Rb4 Ra2 40. Rc4 Nxa4 41. Rxa4 Rxc2+ 42. Kh3 a5 43. Ra3 Rc5 44. Rb3 b5 0-1


[Site "https://www.chess.com"]

[Event "Titled Tuesday Blitz April 19 Early 2022"]
[White "Dang, Hoang Son"]
[Black "Bortnyk, Olexandr"]
[WhiteFideId "12402435"]
[BlackFideId "14120828"]
[WhiteElo "2252"]
[BlackElo "2723"]
[Result "0-1"]
[Round "02"]
[TimeControl "180+1"]
[Date "2022.04.19"]
[WhiteClock "0:00:03"]
[BlackClock "0:00:06"]

1. d4 d6 2. Nf3 g6 3. Bf4 Bg7 4. e3 Nc6 5. Bc4 Nf6 6. Nbd2 O-O 7. h3 a6 8. a4 b6 9. O-O Bb7 10. Re1 Qe8 11. c3 e5 12. Bg3 e4 13. Nh2 Nh5 14. Bh4 Ne7 15. f4 exf3 16. Nhxf3 d5 17. Bd3 c5 18. a5 c4 19. Bc2 bxa5 20. e4 Qd7 21. Ne5 Qc7 22. Bxe7 Qxe7 23. exd5 Bxd5 24. Nxg6 Qxe1+ 25. Qxe1 fxg6 26. Be4 Bxe4 27. Qxe4 Rae8 28. Qd5+ Kh8 29. Nxc4 Nf4 30. Qxa5 Re2 31. Qg5 h6 32. Qg4 h5 33. Qf3 Rf5 34. Rf1 Bh6 35. Ne3 Nxh3+ 36. Qxh3 Bxe3+ 37. Kh2 Rxf1 38. Qc8+ Kg7 39. Qb7+ Rf7 40. Qxa6 Bf4+ 41. Kg1 Rxb2 42. Qd3 h4 43. d5 Bg3 44. Qd4+ Kh7 45. Qd1 Re7 46. Kf1 Re1+ 0-1


[Site "https://www.chess.com"]

[Event "Titled Tuesday Blitz April 19 Early 2022"]
[White "De Silva, L M S T"]
[Black "Urbina Perez, Juan Antonio"]
[WhiteFideId "9953698"]
[BlackFideId "2217368"]
[WhiteElo "1631"]
[BlackElo "2192"]
[Result "1-0"]
[Round "02"]
[TimeControl "180+1"]
[Date "2022.04.19"]
[WhiteClock "0:00:15"]
[BlackClock "0:00:09"]

1. e4 c5 2. Nf3 d6 3. Bb5+ Bd7 4. Bxd7+ Nxd7 5. O-O Ngf6 6. Qe2 e6 7. c3 Be7 8. d4 O-O 9. e5 Nd5 10. Nbd2 cxd4 11. cxd4 Rc8 12. Ne4 dxe5 13. dxe5 Nc5 14. Ng3 Qb6 15. Nh5 Qa6 16. Qd1 Qa4 17. b3 Qg4 18. Ng3 Ne4 19. Nxe4 Qxe4 20. Bb2 Qc2 21. Qd4 Bc5 22. Qd2 Qxd2 23. Nxd2 Bb4 24. Nc4 b5 25. Nd6 Bxd6 26. exd6 Rfd8 27. Rac1 f6 28. Bd4 Rxc1 29. Rxc1 Rxd6 30. Bc5 Rc6 31. a3 a5 32. Kf1 Kf7 33. Ke2 e5 34. g3 Ke6 35. Kd2 h5 36. b4 axb4 37. axb4 Ra6 38. Rc2 Ra4 39. Rb2 f5 40. Kc2 Ra3 41. Kd2 Nf6 42. Ke2 Ne4 43. Be3 Nc3+ 44. Kd2 Nd5 45. Bc5 g6 46. h4 Nf6 47. Ke2 Ne4 48. Be3 Nc3+ 49. Kf1 Nd5 50. Bc5 f4 51. Kg2 Kf5 52. Rd2 f3+ 53. Kh3 Nf6 54. Rd8 Ra1 55. g4+ hxg4+ 56. Kh2 Rg1 57. Kxg1 Ne4 58. Rf8+ Ke6 59. Be3 Nc3 60. Kh2 Nd5 61. Kg3 Nxb4 62. Rb8 Nd5 63. Rxb5 e4 64. Rxd5 Kxd5 65. Kxg4 Ke5 66. Kg5 1-0


[Site "https://www.chess.com"]

[Event "Titled Tuesday Blitz April 19 Early 2022"]
[White "De Souza, Cristiano Gomes"]
[Black "Vidonyak, Roman"]
[WhiteFideId "2151758"]
[BlackFideId "14100622"]
[WhiteElo "2068"]
[BlackElo "2481"]
[Result "1-0"]
[Round "02"]
[TimeControl "180+1"]
[Date "2022.04.19"]
[WhiteClock "0:01:34"]
[BlackClock "0:00:08"]

1. d4 Nf6 2. c4 g6 3. Nf3 Bg7 4. Nc3 d5 5. Bf4 O-O 6. e3 c5 7. dxc5 Qa5 8. Rc1 dxc4 9. Bxc4 Qxc5 10. Nb5 Qb4+ 11. Kf1 Na6 12. a3 Qa5 13. Nc7 Nxc7 14. Bxc7 Qh5 15. Be2 Qd5 16. h3 Be6 17. g3 Rac8 18. Be5 Rxc1 19. Qxc1 Rd8 20. Kg2 Rc8 21. Qd1 Qc6 22. Qd4 Bd5 23. Rd1 Bb3 24. Rd3 Qc2 25. Bd1 Qc4 26. Bxb3 Qc1 27. Rc3 Rxc3 28. Qxc3 1-0


[Site "https://www.chess.com"]

[Event "Titled Tuesday Blitz April 19 Early 2022"]
[White "Demchenko, Anton"]
[Black "Rabineau, Clement"]
[WhiteFideId "4160258"]
[BlackFideId "628891"]
[WhiteElo "2539"]
[BlackElo "2237"]
[Result "1-0"]
[Round "02"]
[TimeControl "180+1"]
[Date "2022.04.19"]
[WhiteClock "0:00:43"]
[BlackClock "0:00:02"]

1. e4 d6 2. d4 g6 3. Nc3 Bg7 4. Nf3 Nf6 5. Be2 O-O 6. O-O Nc6 7. d5 Nb8 8. Re1 c6 9. a4 Bg4 10. h3 Bxf3 11. Bxf3 Nbd7 12. a5 cxd5 13. exd5 Rc8 14. Be3 a6 15. Be2 Qc7 16. Na4 Qxc2 17. Ra3 Qxd1 18. Rxd1 Ne4 19. Rb3 Rc7 20. Rb4 Nec5 21. Nb6 Nxb6 22. axb6 Rcc8 23. Rd2 h5 24. g3 Nd7 25. Re4 Rfe8 26. g4 Nc5 27. Rb4 hxg4 28. hxg4 Kf8 29. g5 Be5 30. f4 Bg7 31. Kg2 Red8 32. Bg4 Rb8 33. Kf3 Kg8 34. Rc4 a5 35. Bxc5 dxc5 36. Rxc5 Rd6 37. Rb5 a4 38. Rc2 e6 39. dxe6 fxe6 40. Re2 Rd3+ 41. Kg2 Rb3 42. Bxe6+ Kh7 43. Bxb3 axb3 44. Rxb3 Rf8 45. Kg3 1-0


[Site "https://www.chess.com"]

[Event "Titled Tuesday Blitz April 19 Early 2022"]
[White "Demin, Vladimir"]
[Black "Chigaev, Maksim"]
[WhiteFideId "4167457"]
[BlackFideId "4108116"]
[WhiteElo "2399"]
[BlackElo "2478"]
[Result "0-1"]
[Round "02"]
[TimeControl "180+1"]
[Date "2022.04.19"]
[WhiteClock "0:00:09"]
[BlackClock "0:00:35"]

1. e4 c5 2. Nf3 d6 3. d4 cxd4 4. Qxd4 Nc6 5. Bb5 a6 6. Bxc6+ bxc6 7. c4 e5 8. Qd3 Ne7 9. c5 Ng6 10. Nc3 a5 11. Bg5 f6 12. Be3 Ba6 13. Qd2 dxc5 14. O-O-O Qxd2+ 15. Nxd2 Be7 16. Nb3 c4 17. Nxa5 Bb4 18. Nxc6 Bxc3 19. bxc3 Bb7 20. Nb4 Bxe4 21. f3 Bf5 22. Rd6 h5 23. Rc6 O-O 24. Kb2 Rfd8 25. Rxc4 Ne7 26. Bc5 Rd2+ 27. Kc1 Rdxa2 28. Nxa2 Rxa2 29. Bxe7 Ra1+ 30. Kd2 Rxh1 31. Ke3 Rxh2 32. Kf2 Rh1 33. Rc7 h4 34. c4 Rc1 35. c5 Rc2+ 36. Kg1 e4 37. Bd6 h3 38. fxe4 Rxg2+ 39. Kf1 Bxe4 40. Re7 Bd3+ 41. Ke1 h2 42. Re8+ Kh7 0-1


[Site "https://www.chess.com"]

[Event "Titled Tuesday Blitz April 19 Early 2022"]
[White "Derjabin, Ilja"]
[Black "Svane, Frederik"]
[WhiteFideId "14104768"]
[BlackFideId "12923044"]
[WhiteElo "2341"]
[BlackElo "2459"]
[Result "0-1"]
[Round "02"]
[TimeControl "180+1"]
[Date "2022.04.19"]
[WhiteClock "0:00:02"]
[BlackClock "0:00:04"]

1. d4 Nf6 2. c4 e6 3. Nc3 Bb4 4. f3 c5 5. a3 Bxc3+ 6. bxc3 d6 7. e4 Nc6 8. Ra2 O-O 9. Nh3 Qa5 10. Bd2 Qb6 11. d5 Ne5 12. Nf2 Re8 13. Be2 Qa6 14. O-O Nxc4 15. Bg5 Nd7 16. dxe6 Rxe6 17. f4 b5 18. f5 Re8 19. f6 Nxf6 20. Bxf6 gxf6 21. Qc1 Qb7 22. a4 a6 23. axb5 axb5 24. Rxa8 Qxa8 25. Qh6 Qa2 26. Ng4 Bxg4 27. Bxg4 Ne5 28. Qxf6 Qd2 29. Bh5 Rf8 30. h4 Qxc3 31. Qg5+ Ng6 32. Bg4 Qe5 33. Bf5 Qg7 34. h5 h6 35. Qg4 Ne5 36. Qe2 b4 0-1


[Site "https://www.chess.com"]

[Event "Titled Tuesday Blitz April 19 Early 2022"]
[White "Derraugh, Geordie"]
[Black "Petrovskyi, Vadym"]
[WhiteFideId "2603950"]
[BlackFideId "14165210"]
[WhiteElo "2116"]
[BlackElo "2400"]
[Result "0-1"]
[Round "02"]
[TimeControl "180+1"]
[Date "2022.04.19"]
[WhiteClock "0:00:02"]
[BlackClock "0:00:09"]

1. e4 c5 2. Nf3 d6 3. Bb5+ Bd7 4. Bxd7+ Qxd7 5. d4 cxd4 6. Qxd4 Nc6 7. Qe3 g6 8. O-O Rc8 9. e5 d5 10. e6 fxe6 11. Re1 Bh6 12. Qc3 d4 13. Qb3 Bxc1 14. Rxc1 Nf6 15. Re1 Nd5 16. Nbd2 O-O 17. Nc4 Nf4 18. g3 Nh3+ 19. Kg2 Nxf2 20. Kxf2 Qd5 21. Nd2 Nb4 22. Qxd5 exd5 23. Rxe7 Rxc2 24. Kg1 Nd3 25. Rxb7 Nc5 26. Rc7 d3 27. b4 Na6 28. Rxc2 dxc2 29. a3 Rc8 30. Rc1 Rc3 31. Ne1 Rxa3 32. Nxc2 Rc3 33. Kf2 Nxb4 34. Nxb4 Rxc1 35. Nxd5 a5 36. Nb3 Rd1 37. Ne7+ Kf7 38. Nxg6 a4 39. Nc5 a3 40. Ne5+ Kg7 41. Nb3 a2 42. Nc4 Rb1 43. Ncd2 Rb2 44. Ke3 Rb1 45. Kd3 a1=Q 46. Nxa1 Rxa1 47. Nf3 Kg6 48. Ke3 Kf5 49. h3 Ra2 50. g4+ Kf6 51. Kf4 Ra4+ 52. Kg3 Kg6 53. h4 Kf6 54. h5 Ke6 55. Kh4 Kf6 56. Kg3 Ra3 57. Kf4 h6 58. Kg3 Kf7 59. Kf4 Ke7 60. Kg3 Kf7 61. Kf4 Kf6 62. Kg3 Rb3 63. Kf4 Rb4+ 64. Kg3 Ra4 65. Kh3 Ke6 66. Kg3 Kd5 67. Nh4 Ke4 68. Nf5 Ra3+ 69. Kh4 Kf4 70. Ne7 Ra1 71. Ng6+ Kf3 0-1


[Site "https://www.chess.com"]

[Event "Titled Tuesday Blitz April 19 Early 2022"]
[White "Dev, Shah"]
[Black "Matlakov, Maxim"]
[WhiteFideId "35019058"]
[BlackFideId "4168003"]
[WhiteElo "2075"]
[BlackElo "2669"]
[Result "0-1"]
[Round "02"]
[TimeControl "180+1"]
[Date "2022.04.19"]
[WhiteClock "0:01:27"]
[BlackClock "0:01:37"]

1. d4 d5 2. c4 c6 3. Nf3 Nf6 4. g3 dxc4 5. Bg2 g6 6. Ne5 Be6 7. Na3 Bg7 8. Naxc4 O-O 9. O-O Nbd7 10. Qc2 Nxe5 11. dxe5 Ng4 12. Bf4 Bxc4 13. Qxc4 Nxe5 14. Qe4 Qc7 15. Rfd1 Rad8 16. h4 h5 17. Qe3 Qb6 18. Qe4 Ng4 19. Qxe7 Rde8 20. Qc7 Qxf2+ 21. Kh1 Rxe2 22. Rg1 Be5 23. Bxe5 Rxe5 0-1


[Site "https://www.chess.com"]

[Event "Titled Tuesday Blitz April 19 Early 2022"]
[White "Devaev, Alexander"]
[Black "Salem, A.R. Saleh"]
[WhiteFideId "4169395"]
[BlackFideId "9301348"]
[WhiteElo "2185"]
[BlackElo "2657"]
[Result "0-1"]
[Round "02"]
[TimeControl "180+1"]
[Date "2022.04.19"]
[WhiteClock "0:01:06"]
[BlackClock "0:02:15"]

1. Nf3 Nf6 2. d4 g6 3. c4 Bg7 4. Nc3 O-O 5. e4 d6 6. h3 e5 7. d5 a5 8. Bg5 h6 9. Be3 Na6 10. g4 Nc5 11. Nd2 a4 12. Be2 c6 13. h4 Qa5 14. Rc1 Nfxe4 15. Ncxe4 Nxe4 16. f3 Ng3 17. Rg1 Nxe2 18. Kxe2 cxd5 19. cxd5 Qxd5 20. Ne4 Qxa2 21. Rc2 Be6 22. Qxd6 a3 23. Qb4 Rfc8 24. Rgc1 axb2 25. Rxb2 Rxc1 26. Bxc1 Qc4+ 27. Kf2 Qxc1 0-1


[Site "https://www.chess.com"]

[Event "Titled Tuesday Blitz April 19 Early 2022"]
[White "Dixit, Nikhil"]
[Black "Ardila, Oscar Humberto"]
[WhiteFideId "5059534"]
[BlackFideId "4404742"]
[WhiteElo "2223"]
[BlackElo "1983"]
[Result "1/2-1/2"]
[Round "02"]
[TimeControl "180+1"]
[Date "2022.04.19"]
[WhiteClock "0:01:16"]
[BlackClock "0:01:50"]

1. e4 e5 2. Nf3 Nf6 3. Nc3 Nc6 4. d4 exd4 5. Nxd4 Bb4 6. Nxc6 bxc6 7. Bd3 d5 8. exd5 cxd5 9. O-O O-O 10. Bg5 c6 11. Qf3 Bd6 12. Rae1 h6 13. Bxf6 Qxf6 14. Qxf6 gxf6 15. Ne2 Rb8 16. b3 Bb4 17. Rd1 Bg4 18. f3 Bc5+ 19. Kh1 Bd7 20. Ng3 Rfe8 21. Nf5 h5 22. Ng3 h4 23. Nf5 Bxf5 24. Bxf5 Re2 25. Bd3 Re3 26. Rde1 Rbe8 27. Rxe3 Rxe3 28. f4 Kf8 29. Rf3 Re1+ 30. Rf1 Re3 31. Rf3 Re1+ 32. Rf1 Re3 1/2-1/2


[Site "https://www.chess.com"]

[Event "Titled Tuesday Blitz April 19 Early 2022"]
[White "Donchenko, Alexander"]
[Black "Lewtak, Damian"]
[WhiteFideId "24603295"]
[BlackFideId "1141724"]
[WhiteElo "2539"]
[BlackElo "2362"]
[Result "1-0"]
[Round "02"]
[TimeControl "180+1"]
[Date "2022.04.19"]
[WhiteClock "0:00:50"]
[BlackClock "0:00:24"]

1. e4 b6 2. d4 Bb7 3. Bd3 d6 4. Nf3 Nd7 5. O-O g6 6. c4 Bg7 7. Nc3 e6 8. Be3 Ne7 9. Qd2 O-O 10. Bh6 c5 11. Bxg7 Kxg7 12. Rad1 a6 13. Rfe1 e5 14. dxc5 dxc5 15. Bc2 Bc6 16. Ba4 Bxa4 17. Nxa4 Nf6 18. Nxe5 Qc7 19. Qd6 Qxd6 20. Rxd6 Rfe8 21. Nxb6 Nc8 22. Nxc8 Raxc8 23. f4 Rcd8 24. Rd3 Rxd3 25. Nxd3 Rxe4 26. Rxe4 Nxe4 27. Kf1 Kf6 28. Ke2 Ke6 29. Ke3 f5 30. g3 Kd6 31. Nf2 Nf6 32. Kd3 Kc6 33. Kc3 a5 34. Kb3 Nd7 35. Ka4 Nb6+ 36. Kb3 a4+ 37. Kc3 Nd7 38. b3 axb3 39. Kxb3 Nf6 40. Nd3 Ne4 41. Ne5+ Kd6 42. Nf7+ Kc6 43. Ng5 Nd2+ 44. Kc3 Nf1 45. Nf3 Ne3 46. Kd3 Ng4 47. Ne5+ Kd6 48. Nxg4 fxg4 49. Ke4 1-0


[Site "https://www.chess.com"]

[Event "Titled Tuesday Blitz April 19 Early 2022"]
[White "Dreev, Aleksey"]
[Black "Chernobay, Artem"]
[WhiteFideId "4100107"]
[BlackFideId "4167406"]
[WhiteElo "2625"]
[BlackElo "2473"]
[Result "1-0"]
[Round "02"]
[TimeControl "180+1"]
[Date "2022.04.19"]
[WhiteClock "0:00:14"]
[BlackClock "0:00:06"]

1. d4 Nf6 2. Nf3 d5 3. c4 e6 4. Nc3 a6 5. cxd5 exd5 6. Bg5 Be6 7. e3 c6 8. Bd3 Nbd7 9. Qc2 Bd6 10. O-O h6 11. Bf4 Qc7 12. Qd2 O-O 13. Rac1 Ne8 14. h3 Bxf4 15. exf4 Nd6 16. Ne5 f6 17. Ng6 Rfe8 18. Rfe1 Nb6 19. Nh4 Qd7 20. Bb1 f5 21. Ng6 Ne4 22. Qd3 Nc4 23. b3 Na3 24. Ne5 Qd6 25. Na4 a5 26. f3 Nf6 27. Nc5 Nxb1 28. Rxb1 b6 29. Nxe6 Qxe6 30. Rbc1 Rac8 31. Qd2 Qd6 32. Re3 c5 33. Rce1 Nh5 34. Rd3 c4 35. bxc4 dxc4 36. Rde3 Red8 37. Qc2 Qxd4 38. Qxf5 Nxf4 39. Qf7+ Kh8 40. Qxf4 Qxf4 41. Ng6+ Kh7 42. Nxf4 c3 43. Ne2 c2 44. Nc1 Rd4 45. Kf2 b5 46. Re5 Rb4 47. Ke3 a4 48. Rd5 Rb1 49. Kd2 b4 50. Re3 b3 51. axb3 axb3 52. Rxb3 Ra1 53. Rb2 Ra4 54. Rxc2 Re8 55. Nd3 Ra3 56. Rd4 Ra1 57. Re4 Rg1 58. Rxe8 1-0


[Site "https://www.chess.com"]